 Dungeon Crawl Stone Soup version 0.29-a0-380-gf50f0a9fbc (webtiles) character file.

Game seed: 6955229859682303348

249 ytrimaz the Chopper (level 5, -3/42 HPs)
             Began as a Demonspawn Berserker on May 5, 2022.
             Was a Believer of Trog.
             Killed by nerve-wracking pain
             ... invoked by Grinder
              (7 damage)
             ... on level 4 of the Dungeon.
             The game lasted 00:02:03 (2101 turns).

ytrimaz the Chopper (Demonspawn Berserker)          Turns: 2101, Time: 00:02:04

Health: -3/42      AC: 17    Str: 20    XL:     5   Next: 87%
Magic:  5/5        EV:  9    Int: 12    God:    Trog [**....]
Gold:   57         SH:  0    Dex: 22    Spells: 4/4 levels left

rFire   . . .      SeeInvis .   g - +7 short sword "Xupiy" {vamp, Drain rElec Int+4 Dex+4}
rCold   + . .      Faith    .   (no shield)
rNeg    . . .      Spirit   .   l - +1 chain mail {rC+}
rPois   .          Reflect  .   (no helmet)
rElec   +          Harm     .   (no cloak)
rCorr   +          Rampage  .   (no gloves)
Will    .....                   f - +0 pair of boots
Stlth   ..........              (no amulet)
HPRegen 0.14/turn               j - +6 ring of dexterity
MPRegen 0.09/turn               k - ring of resist corrosion

@: sanguine armoured, on berserk cooldown, slowed, very slow
A: sanguine armour 1
a: Renounce Religion, Berserk, Trog's Hand


You were on level 4 of the Dungeon.
You worshipped Trog.
Trog was pleased with you.
You visited 1 branch of the dungeon, and saw 3 of its levels.

You collected 57 gold pieces.

Inventory:

Hand Weapons
 a - a +0 hand axe
 g - the +7 short sword "Xupiy" (weapon) {vamp, Drain rElec Int+4 Dex+4}
   (You took it off an orc on level 4 of the Dungeon)

   It occasionally heals its wielder for a portion of the damage dealt when it
   wounds a living foe.
   Int:       It affects your intelligence (+4).
   Dex:       It affects your dexterity (+4).
   rElec:     It insulates you from electricity.
   Drain:     It drains your maximum health when unequipped.
Armour
 f - a +0 pair of boots (worn)
 l - a +1 chain mail of cold resistance (worn)
Jewellery
 j - a +6 ring of dexterity (left hand)
 k - a ring of resist corrosion (right hand)
Scrolls
 c - a scroll of poison {unknown}
 e - a scroll of vulnerability {unknown}
 h - a scroll of magic mapping {unknown}
Potions
 b - 2 potions of curing
 d - a potion of mutation {unknown}
 i - a potion of heal wounds {unknown}


   Skills:
 + Level 4.2 Fighting
 * Level 1.3 Short Blades
 - Level 4.2 Axes
 + Level 2.4 Armour
 + Level 2.6 Dodging


You had 4 spell levels left.
You didn't know any spells.
Your spell library was empty.

Dungeon Overview and Level Annotations

Branches:
Dungeon (2/15)

Altars:

Annotations:
D:4 Grinder


Innate Abilities, Weirdness & Mutations

When seriously injured, your blood forms armour. (AC +6)


Message History

You kill the kobold!
Trog accepts your kill.
The goblin unwields a +0 dagger.
The goblin wields a +0 hunting sling.
The goblin shoots a sling bullet.
The sling bullet hits you but does no damage.
Items here: )) [ †.
Unknown command.
You puncture the goblin!
You kill the goblin!
Trog accepts your kill.
Things that are here:
a +0 hunting sling; a +0 dagger You feel a strong urge to attack something.
Calm down first, please.
Calm down first, please.
Calm down first, please.
You are no longer berserk.
You are exhausted.
You feel yourself slow down.
Grinder comes into view.
Grinder shouts!
Grinder is nearby!
Grinder is nearby!
Grinder drinks a potion.
Grinder flickers and vanishes!
Deactivating autopickup; reactivate with Ctrl-A.
You puncture something! Something hits you.
You writhe in agony.
Something hits you but does no damage.
You hit something. Something hits you.
You closely miss something. Something hits you.
You writhe in agony.
Your blood congeals into armour.
Something hits you but does no damage.
You hit something. Something hits you.
You writhe in agony.
Something hits you.
You barely miss something. Something hits you but does no damage.
You closely miss something.
Something hits you but does no damage. x2
You barely miss something. Pain shoots through your body!
You puncture something! Something hits you.
* * * LOW HITPOINT WARNING * * *
You writhe in agony.
* * * LOW HITPOINT WARNING * * *
Pain shoots through your body!
You die...

##...##.).##...##
##.##.....##.##
#.#.......#)#
#.#...)...#)#
#s#.......#.#
#.##.....##.##
...##...##...##
....#####.....#
#....{@...#..#
....##+##.....# .
##...## #####


There were no monsters in sight!

Vanquished Creatures
  An orc warrior (D:4)
  A scorpion (D:4)
  Natasha (D:2)
  2 adders
  A dart slug (D:4)
  5 orcs (D:4)
  3 bats
  4 endoplasms
  3 giant cockroaches (D:1)
  9 goblins
  2 hobgoblins
  4 jackals (D:1)
  4 kobolds
  4 quokkas
  4 ball pythons
  2 frilled lizards
  2 rats (D:1)
52 creatures vanquished.

Vanquished Creatures (others)
  4 toadstools (D:1)
4 creatures vanquished.

Grand Total: 56 creatures vanquished

Notes
Turn   | Place    | Note
-------+----------+-------------------------------------------
     0 | D:1      | ytrimaz the Demonspawn Berserker began the quest for the
                  | Orb.
     0 | D:1      | Reached XP level 1. HP: 18/18 MP: 1/1
   130 | D:1      | Found a faded altar of an unknown god.
   141 | D:1      | Gained mutation: When seriously injured, your blood forms
                  | armour. (AC +6) [demonic ancestry]
   141 | D:1      | Reached XP level 2. HP: 14/24 MP: 2/2
  1299 | D:1      | Reached XP level 3. HP: 29/29 MP: 3/3
  1489 | D:2      | Noticed Natasha
  1504 | D:2      | Killed Natasha
  1517 | D:2      | Reached XP level 4. HP: 9/37 MP: 4/4
  1522 | D:2      | Reached ** piety under Trog
  1973 | D:2      | You fall into a shaft and drop 2 floors!
  1973 | D:4      | Noticed a scorpion
  1979 | D:4      | Identified the +7 short sword "Xupiy" {vamp, Drain rElec
                  | Int+4 Dex+4}
  1987 | D:4      | Killed a scorpion
  1988 | D:4      | Reached XP level 5. HP: 42/42 MP: 5/5
  2068 | D:4      | Noticed an orc warrior
  2077 | D:4      | Killed an orc warrior
  2078 | D:4      | Reached skill level 1 in Short Blades
  2091 | D:4      | Noticed Grinder
  2101 | D:4      | Killed from afar by Grinder

Illustrated notes

Levels and vault maps discovered:
D:1:      ldierk_walled_garden_2, layout_basic, ebering_ecumenical_altar_box
D:2:      layout_loops_ring, basic_altar, uniq_natasha
D:4:      minmay_octagon_keep, layout_rooms, mainiacjoe_overflow_boulevard,
          kennysheep_mini, grunt_ministairs_8, uniq_grinder

Skill      XL: |  1  2  3  4  5 |
---------------+----------------+-----
Axes           | 3 4 |  4.2
Dodging        | 2 |  2.6
Armour         | 2 |  2.4
Fighting       | 4 |  4.2
Short Blades   | 1 |  1.3

Action                   |  1- 3 |  4- 6 || total
-------------------------+-------+-------++-------
Melee: Hand axe          |    96 |    34 ||   130
       Punch             |     2 |       ||     2
       Short sword       |       |    17 ||    17
Invok: Berserk           |     1 |     2 ||     3
  Use: Scroll            |       |     1 ||     1
Armor: Animal skin       |     9 |       ||     9
       Scale mail        |    37 |     5 ||    42
       Chain mail        |       |    25 ||    25
Dodge: Dodged            |    65 |    15 ||    80

Table legend: (Time is in decaauts)
 A = Elapsed time spent in this place.
 B = Non-inter-level travel time spent in this place.
 C = Inter-level travel time spent in this place.
 D = Time resting spent in this place.
 E = Time spent auto-exploring this place.
 F = Levels seen in this place.
 G = Mean time per level.
                   A        B        C        D        E       F      G
               +--------+--------+--------+--------+--------+-----+--------+
         Total |   2153 |   2140 |     13 |    158 |   1580 |   3 |  717.7 |
       Dungeon |   2153 |   2140 |     13 |    158 |   1580 |   3 |  717.7 |
               +--------+--------+--------+--------+--------+-----+--------+

Top non-repeatable levels by time:
     D:1: 1445 daAuts
     D:2: 566 daAuts
     D:4: 141 daAuts
